 Dungeon Crawl Stone Soup version 0.30-a0-341-g682706514a (webtiles) character file.

Game seed: 2710553212339861608

268 bande the Covered (level 6, -2/38 HPs)
             Began as a Gargoyle Fighter on Nov 4, 2022.
             Slain by Pikel
             ... wielding a +2 whip of freezing
              (5 damage)
             ... on level 4 of the Dungeon.
             The game lasted 00:05:29 (2162 turns).

bande the Covered (Gargoyle Fighter)                Turns: 2162, Time: 00:05:30

Health: -2/38      AC: 16    Str: 20    XL:     6   Next: 21%
Magic:  6/6        EV:  9    Int:  8    God:
Gold:   168        SH:  4    Dex: 11    Spells: 5/5 levels left

rFire   . . .      SeeInvis .    a - +1 war axe
rCold   . . .      Faith    .    c - +0 buckler
rNeg    + . .      Spirit   .    b - +0 scale mail
rPois   ∞          Reflect  .    s - +0 helmet
rElec   +          Harm     .    w - +0 cloak
rCorr   .          Rampage  .    h - +1 pair of gloves
Will    .....                    (no boots)
Stlth   ..........               (no amulet)
HPRegen 0.26/turn                (no ring)
MPRegen 0.10/turn                (no ring)

@: no status effects
A: sickness immunity, AC +4, negative energy resistance 1, electricity
resistance, torment resistance 1, petrification resistance
a: no special abilities


You were on level 4 of the Dungeon.
You visited 1 branch of the dungeon, and saw 4 of its levels.

You collected 168 gold pieces.

Inventory:

Hand Weapons
 a - a +1 war axe (weapon)
Armour
 b - a +0 scale mail (worn)
 c - a +0 buckler (worn)
 h - a +1 pair of gloves (worn)
 s - a +0 helmet (worn)
 w - a +0 cloak (worn)
Jewellery
 v - a ring of willpower
Wands
 n - a wand of flame (11)
 t - a wand of digging (3)
Scrolls
 k - 3 scrolls of teleportation
Potions
 d - a potion of might
 f - 3 potions of curing {unknown}
 l - a potion of heal wounds {unknown}
 m - 2 potions of mutation {unknown}
 p - a potion of haste {unknown}
 r - 2 potions of lignification {unknown}


   Skills:
 + Level 4.2 Fighting
 + Level 3.7 Axes
 + Level 4.2 Armour
 + Level 4.2 Shields
 * Level 1.5 Evocations


You had 5 spell levels left.
You didn't know any spells.
Your spell library was empty.

Dungeon Overview and Level Annotations

Branches:
Dungeon (4/15)
 Temple: D:4-7

Altars:
Cheibriados
Elyvilon

Annotations:
D:4 Pikel


Innate Abilities, Weirdness & Mutations

You are immune to sickness and miasma.
Your stone body is resilient. (AC +4)
You are immune to poison.
You resist negative energy. (rN+)
You are resistant to electric shocks. (rElec)
You are resistant to unholy torment.
You are immune to petrification.


Message History

The lemure barely misses you.
You closely miss the lemure.
The lemure is lightly wounded.
The lemure hits you!
You hit the lemure.
The lemure is moderately wounded.
You block the lemure's attack.
You hit Pikel.
Pikel is lightly wounded.
Pikel hits you with a +2 whip of freezing.
Pikel freezes you.
You barely miss Pikel.
Pikel is lightly wounded.
Pikel hits you but does no damage.
You closely miss Pikel.
Pikel is lightly wounded.
Pikel barely misses you. Pikel hits you but does no damage.
You closely miss Pikel.
Pikel is lightly wounded.
Pikel hits you with a +2 whip of freezing.
Pikel freezes you.
You are too injured to fight recklessly!
You are too injured to fight recklessly!
You are too injured to fight recklessly!
You are too injured to fight recklessly!
You are too injured to fight recklessly!
You are too injured to fight recklessly!
You are too injured to fight recklessly!
You are too injured to fight recklessly!
You slash Pikel!
Pikel is moderately wounded.
Pikel hits you with a +2 whip of freezing!
* * * LOW HITPOINT WARNING * * *
Pikel freezes you.
* * * LOW HITPOINT WARNING * * *
You slash Pikel!
Pikel is heavily wounded.
Pikel closely misses you.
Pikel hits you with a +2 whip of freezing.
You die...

.#. ######## #.# ..#
#.......######.#
#..#.#.#.##.........
#.#.##.#...†.#####.# ....
#.#....####.## #.# #...
#.#.##.####.# #.. #...
#<#.##......# ### #...
#......###### #... ###@##.#
####### .###...#########K##.#
#.....#
.....$........#55##.###.....#
......>........55##.......(.#
.........K....#.#######.....#
.###..K########.# #....)#
#..5 #.# ##....# #...
#.###### ##.#.# #..5 #......#
##...###


You could see Pikel and 4 lemures.

Vanquished Creatures
  Jessica (D:2)
  Ijyb (D:3)
  Natasha (thrice) (D:2)
  Robin (D:2)
  4 gnolls (D:3)
  2 adders (D:3)
  A dart slug (D:3)
  7 bats
  3 endoplasms (D:3)
  3 giant cockroaches
  14 goblins
  8 hobgoblins
  4 jackals (D:3)
  2 quokkas
  6 ball pythons
  7 kobolds
  4 rats
71 creatures vanquished.

Vanquished Creatures (others)
  4 plants (D:2)
4 creatures vanquished.

Grand Total: 75 creatures vanquished

Notes
Turn   | Place    | Note
-------+----------+-------------------------------------------
     0 | D:1      | bande the Gargoyle Fighter began the quest for the Orb.
     0 | D:1      | Reached XP level 1. HP: 14/14 MP: 1/1
   115 | D:1      | Reached XP level 2. HP: 19/19 MP: 2/2
   772 | D:2      | Noticed Natasha
   779 | D:2      | Killed Natasha
   780 | D:2      | Reached XP level 3. HP: 8/24 MP: 3/3
   940 | D:2      | Noticed Natasha
   945 | D:2      | Killed Natasha
   946 | D:2      | Reached XP level 4. HP: 24/29 MP: 4/4
  1095 | D:2      | Noticed Natasha
  1103 | D:2      | Killed Natasha
  1124 | D:2      | Noticed Jessica
  1126 | D:2      | Killed Jessica
  1127 | D:2      | Reached XP level 5. HP: 33/33 MP: 5/5
  1194 | D:2      | Noticed Robin
  1203 | D:2      | Reached skill level 1 in Evocations
  1213 | D:2      | Killed Robin
  1370 | D:3      | Noticed Ijyb
  1389 | D:3      | Killed Ijyb
  1511 | D:3      | Reached XP level 6. HP: 11/38 MP: 6/6
  1900 | D:3      | Found a snail-covered altar of Cheibriados.
  2085 | D:4      | Found a white marble altar of Elyvilon.
  2138 | D:4      | Noticed Pikel
  2162 | D:4      | Slain by Pikel

Illustrated notes

Levels and vault maps discovered:
D:1:      kennysheep_arrival_seaside, layout_loops_ring
D:2:      layout_rooms, serial_bayou_pond_c, uniq_jessica, uniq_robin,
          uniq_natasha
D:3:      layout_rooms, cheibriados_altar_1, uniq_ijyb
D:4:      layout_loops_cross, mainiacjoe_overflow_tiny_flanked,
          lemuel_zombie_altar_kikubaaqudgha, uniq_pikel

Skill      XL: |  1  2  3  4  5 |
---------------+----------------+-----
Axes           | 2 3 |  3.7
Armour         | 4 |  4.2
Shields        | 4 |  4.2
Fighting       | 4 |  4.2
Evocations     | 1 |  1.5

Action                   |  1- 3 |  4- 6 || total
-------------------------+-------+-------++-------
Melee: War axe           |    65 |   145 ||   210
  Use: Scroll            |       |     8 ||     8
Armor: Scale mail        |    30 |    87 ||   117
Dodge: Dodged            |    41 |    78 ||   119
Block: Buckler           |    19 |    30 ||    49

Table legend: (Time is in decaauts)
 A = Elapsed time spent in this place.
 B = Non-inter-level travel time spent in this place.
 C = Inter-level travel time spent in this place.
 D = Time resting spent in this place.
 E = Time spent auto-exploring this place.
 F = Levels seen in this place.
 G = Mean time per level.
                   A        B        C        D        E       F      G
               +--------+--------+--------+--------+--------+-----+--------+
         Total |   2249 |   2225 |     24 |    168 |   1408 |   4 |  562.2 |
       Dungeon |   2249 |   2225 |     24 |    168 |   1408 |   4 |  562.2 |
               +--------+--------+--------+--------+--------+-----+--------+

Top non-repeatable levels by time:
     D:1: 864 daAuts
     D:3: 672 daAuts
     D:2: 533 daAuts
     D:4: 178 daAuts
